 Dungeon Crawl Stone Soup version 0.31-a0-344-gd109795599 (webtiles) character file.

Game seed: 7663447128741963849

2 GordonOverkill the Sneak (level 1, 0/18 HPs)
             Began as a Mummy Delver on July 22, 2023.
             Splashed by a jelly's acid (3 damage)
             ... on level 5 of the Dungeon.
             The game lasted 00:00:58 (83 turns).

GordonOverkill the Sneak (Mummy Delver)               Turns: 83, Time: 00:00:59

Health: 0/18       AC:  3    Str: 15    XL:     1   Next: 25%
Magic:  1/1        EV: 11    Int:  9    God:
Gold:   8          SH:  0    Dex: 13    Spells: 0/0 levels left

rFire   x . .        a - +0 short sword
rCold   + . .        (no shield)
rNeg    + + +        b - +0 leather armour
rPois   ∞            (no helmet)
rElec   .            (no cloak)
rCorr   .            (no gloves)
SInv    .            (no boots)
Will    .....        (no amulet)
Stlth   ++           (no ring)
HPRegen 0.23/turn    (no ring)
MPRegen 0.07/turn

%: faith
@: no status effects
A: cold resistance 1, negative energy resistance 3, torment resistance 2, heat
vulnerability 1, no potions, faith
a: no special abilities


You were on level 5 of the Dungeon.
You visited 1 branch of the dungeon, and saw 2 of its levels.

You collected 8 gold pieces.

Inventory:

Hand Weapons
 a - a +0 short sword (weapon)
Armour
 b - a +0 leather armour (worn)
Wands
 f - a wand of digging (3)
Scrolls
 c - a scroll of fog
 d - a scroll of revelation
 e - a scroll of fear
 g - a scroll of torment {unknown}


   Skills:
 - Level 3.0 Fighting
 + Level 1.6 Short Blades
 - Level 1.5 Dodging
 + Level 4.1 Stealth
 + Level 0.2 Spellcasting


You couldn't memorise any spells.
You didn't know any spells.
Your spell library was empty.

Dungeon Overview and Level Annotations

Branches:
Dungeon (6/15)
 Temple: D:4-7

Altars:

Annotations:
D:5 exclusion: downstairs


Innate Abilities, Weirdness & Mutations

You are immune to poison.
Your flesh is cold resistant. (rC+)
You are immune to negative energy. (rN+++)
You are immune to unholy pain and torment.
You are vulnerable to heat. (rF-)
You do not drink.
You have a special connection with the divine. (Faith)


Message History

Unknown command.
There is an open door here.
You open the door.
An orc comes into view. It is wielding a +0 war axe.
The orc shouts!
You hear a shout!
You hear an angry hiss.
An orc comes into view. It is wielding a +0 mace.
An orc priest comes into view.
It is wielding a +0 vampiric short sword.
There is an open door here.
There is an open door here.
You close the door.
An orc breaks down the door.
Found 8 gold pieces.
You hit the orc.
The orc is heavily wounded.
The orc closely misses you.
You hit the orc.
You kill the orc!
No target in view!
No target in view!
No target in view!
Things that are here:
a +0 war axe; an orc corpse You now have 8 gold pieces.
You open the door.
There is an open door here.
As you open the door, it creaks loudly!
A jelly comes into view.
You close the door.
You hear a slurping noise.
The jelly eats the door!
You hit the jelly.
Your hands burn!
The jelly is lightly wounded.
The jelly misses you.
You hit the jelly.
Your hands burn!
The jelly is lightly wounded.
The jelly hits you.
* * * LOW HITPOINT WARNING * * *
You are splashed with acid!
* * * LOW HITPOINT WARNING * * *
You hit the jelly but do no damage.
Your hands burn!
You die...

#### #... #...
#... #... ...
##J##########+#
#..@..'.......#
#.....#.......+
#.....#.......#
#.....#.).....#
###...######..#
....
##########..##....
#
#............#....
#.
#............#....
.#..
#....(##....##....


You could see a jelly.

Vanquished Creatures
  An orc (D:5)
1 creature vanquished.

Notes
Turn   | Place    | Note
-------+----------+-------------------------------------------
     0 | D:5      | GordonOverkill the Mummy Delver began the quest for the
                  | Orb.
     0 | D:5      | Reached XP level 1. HP: 18/18 MP: 1/1
    41 | D:6      | Noticed a lemure
    48 | D:5      | Noticed an orc priest
    79 | D:5      | Noticed a jelly
    83 | D:5      | Splashed by a jelly's acid

Illustrated notes

Levels and vault maps discovered:
D:5:      layout_gridville, serial_shops, shop, uniq_edmund, uniq_ijyb,
          uniq_blork_the_orc, uniq_duvessa
D:6:      layout_basic, uniq_pikel

Action                     || total
---------------------------++-------
  Melee: Short sword       ||     5
  Dodge: Dodged            ||     2

Table legend: (Time is in decaauts)
 A = Elapsed time spent in this place.
 B = Non-inter-level travel time spent in this place.
 C = Inter-level travel time spent in this place.
 D = Time resting spent in this place.
 E = Time spent auto-exploring this place.
 F = Levels seen in this place.
 G = Mean time per level.
                   A        B        C        D        E       F      G
               +--------+--------+--------+--------+--------+-----+--------+
         Total |     83 |     83 |      0 |      0 |      0 |   2 |   41.5 |
       Dungeon |     83 |     83 |      0 |      0 |      0 |   2 |   41.5 |
               +--------+--------+--------+--------+--------+-----+--------+

Top non-repeatable levels by time:
     D:5: 81 daAuts
     D:6: 1 daAuts
